 Dungeon Crawl Stone Soup version 0.21.1-1-g345015fe64 (webtiles) character file.

116 SWATDuck the Insei (level 5, -2/33 HPs)
             Began as an Octopode Transmuter on July 17, 2018.
             Slain by a gnoll
             ... wielding a +0 spear
              (6 damage)
             ... on level 4 of the Dungeon.
             The game lasted 00:22:47 (2056 turns).

SWATDuck the Insei (Octopode Transmuter)            Turns: 2056, Time: 00:22:48

Health: -2/33      AC:  1    Str:  9    XL:     5   Next: 1%
Magic:  4/9        EV: 14    Int: 15    God:
Gold:   154        SH:  0    Dex: 14    Spells: 3/9 levels left

rFire    . . .     SeeInvis .     - Unarmed
rCold    . . .     Gourm    .   (no shield)
rNeg     + . .     Faith    .   (helmet restricted)
rPois    .         Spirit   .   (no amulet)
rElec    .         Reflect  .   t - ring of positive energy
rCorr    .         Harm     .   (no ring)
MR       .....                  (no ring)
Stlth    ++........             (no ring)
HPRegen  0.11/turn              (no ring)
MPRegen  0.11/turn              (no ring)
                                (no ring)
                                (no ring)

@: no status effects
A: almost no armour, stealthy swim, amphibious, 8 rings, constrict 8, camouflage
1, gelatinous body 1
a: no special abilities


You were on level 4 of the Dungeon.
You were not hungry.

You visited 1 branch of the dungeon, and saw 4 of its levels.

You collected 154 gold pieces.

Inventory:

Missiles
 a - 90 arrows
 h - 56 stones (quivered)
 s - 25 poisoned needles
Jewellery
 t - a ring of positive energy (left tentacle)
Scrolls
 d - a scroll of immolation
 f - 2 scrolls of identify
 j - a scroll of fear
 k - a scroll of enchant armour
Potions
 e - a potion of lignification
 g - a potion of heal wounds {unknown}
 n - a potion of haste {unknown}
 o - 2 potions of might {unknown}
 q - 2 potions of brilliance {unknown}
Books
 b - a book of Changes

   Spells                             Type                      Level
   a - Beastly Appendage              Transmutation                1
   b - Sticks to Snakes               Transmutation                2
   c - Spider Form                    Transmutation/Poison         3
   d - Ice Form                       Ice/Transmutation            4
   e - Blade Hands                    Transmutation                5
 i - a book of Geomancy

   Spells                             Type                      Level
   a - Sandblast                      Earth                        1
   b - Passwall                       Transmutation/Earth          2
   c - Stone Arrow                    Conjuration/Earth            3
   d - Petrify                        Transmutation/Earth          4
   e - Lee's Rapid Deconstruction     Earth                        5
Comestibles
 c - 6 rations


   Skills:
 - Level 1.0 Fighting
 - Level 0.3 Throwing
 + Level 2.4 Dodging
 - Level 0.4 Stealth
 + Level 4.2 Unarmed Combat
 + Level 2.7 Spellcasting
 + Level 2.7 Transmutations
 * Level 0.6 Poison Magic


You had 3 spell levels left.
You knew the following spells:

 Your Spells              Type           Power        Failure   Level  Hunger
a - Beastly Appendage     Tmut           ##....       7%          1    #......
b - Sticks to Snakes      Tmut           ##......     10%         2    ##.....
c - Spider Form           Tmut/Pois      #.........   30%         3    ###....


Dungeon Overview and Level Annotations

Branches:
Dungeon (4/15)
 Temple: D:4-7

Altars:

Shops:
D:4 [


Innate Abilities, Weirdness & Mutations

You cannot wear most types of armour.
You are very stealthy in the water. (Stealth+)
You are amphibious.
You can wear up to eight rings at the same time.
You can use your tentacles to constrict eight enemies at once.
Your skin changes colour to match your surroundings (Stealth+).
Your rubbery body absorbs attacks. (AC +1, EV +1)


Message History

You tentacle-slap the gnoll.
You kill the gnoll!
You have reached level 5!
You feel agile. The adder completely misses you. The adder barely misses you.
Your transformation is almost over.
The adder closely misses you.
There is an entrance to Diwny's Antique Armour Emporium here.
The gnoll hits you from afar with a spear!
* * * LOW HITPOINT WARNING * * *
The adder misses you.
Your tentacle spike disappears.
The adder barely misses you.
There is a stone staircase leading up here.
You can't go down here!
The adder bites you.
* * * LOW HITPOINT WARNING * * *
The gnoll hits you from afar with a spear.
You die...

#...........####.....#
###.#.♣∩♣...#......>...#
####g..#.......######.....#
..)).###..♣.#### #.....#
###### ####.#### #.....#
#..g.## ##.....# ####g.##
#......# . ##S.###.######
.g. ####@.....# ?#>.#
#.........# .g $.
#.##......# ... .
............# ....
.............#
.....#......##
#.....####...# ##...
....... ...# .........


You could see 2 gnolls and an adder.

Vanquished Creatures
  2 gnolls (D:4)
  5 adders
  A worm (D:2)
  A dart slug (D:2)
  2 leopard geckos
  2 orcs (D:3)
  A giant cockroach (D:2)
  5 goblins
  5 hobgoblins
  6 kobolds
  A quokka (D:3)
  3 ball pythons
  5 bats
  3 frilled lizards
  8 rats
50 creatures vanquished.

Vanquished Creatures (collateral kills)
  2 rats (D:3)
2 creatures vanquished.

Grand Total: 52 creatures vanquished

Notes
Turn   | Place    | Note
-------+----------+-------------------------------------------
     0 | D:1      | SWATDuck the Octopode Transmuter began the quest for the Orb.
     0 | D:1      | Reached XP level 1. HP: 13/13 MP: 3/3
     6 | D:1      | Noticed a felid
     6 | D:1      | Noticed a centaur
     8 | D:1      | Noticed a ghoul
     8 | D:1      | Noticed an octopode
    12 | D:1      | Noticed a formicid
    12 | D:1      | Noticed a tengu
    14 | D:1      | Noticed a demigod
    16 | D:1      | Noticed a halfling
    16 | D:1      | Noticed a dwarf
    18 | D:1      | Noticed a minotaur
    18 | D:1      | Noticed a naga
    21 | D:1      | Noticed a spriggan
    21 | D:1      | Noticed a merfolk
    23 | D:1      | Noticed a vampire
    23 | D:1      | Noticed an elf
    25 | D:1      | Noticed a troll
    25 | D:1      | Noticed a draconian
    27 | D:1      | Noticed a demonspawn
    29 | D:1      | Noticed an ogre
    31 | D:1      | Noticed a vine stalker
    33 | D:1      | Noticed a gargoyle
    33 | D:1      | Noticed a human
   193 | D:1      | Reached XP level 2. HP: 17/18 MP: 5/5
   367 | D:1      | Reached XP level 3. HP: 23/23 MP: 6/6
   722 | D:2      | Learned a level 2 spell: Sticks to Snakes
   726 | D:2      | Learned a level 3 spell: Spider Form
   958 | D:2      | Reached XP level 4. HP: 28/28 MP: 3/7
  1120 | D:2      | You fall through a shaft!
  1251 | D:3      | Reached skill level 4 in Unarmed Combat
  1590 | D:3      | Learned a level 1 spell: Beastly Appendage
  1943 | D:4      | Found Diwny's Antique Armour Emporium.
  2040 | D:4      | Reached XP level 5. HP: 12/33 MP: 2/9
  2056 | D:4      | Slain by a gnoll

Skill      XL: |  1  2  3  4 |
---------------+-------------+-----
Unarmed Combat | 4 |  4.2
Fighting       | |  1.0
Throwing       | |  0.3
Dodging        | |  2.4
Stealth        | |  0.4
Spellcasting   | |  2.7
Transmutations | |  2.7
Poison Magic   | |  0.6

Action                   |  1- 3 |  4- 6 || total
-------------------------+-------+-------++-------
Melee: Unarmed           |    46 |    57 ||   103
       Constrict         |    14 |    17 ||    31
       Tentacles         |     5 |     8 ||    13
       Punch             |       |     3 ||     3
       Kick              |       |     2 ||     2
Throw: Stone             |    29 |       ||    29
 Cast: Sticks to Snakes  |     2 |     9 ||    11
       Beastly Appendage |     1 |     4 ||     5
  Use: Scroll            |       |    10 ||    10
 Stab: Sleeping          |     3 |     1 ||     4
  Eat: Chunk             |       |     3 ||     3
       Ration            |       |     1 ||     1
Armor: Skin              |     5 |     8 ||    13
Dodge: Dodged            |    31 |    36 ||    67
